 Dungeon Crawl Stone Soup version 0.25-a0-822-g6581751 (webtiles) character file.

Game seed: 3764191158368206013, levelgen mode: deterministic

140 BlueFish the Magician (level 5, -8/37 HPs)
             Began as a Mummy Wizard on Apr 20, 2020.
             Killed from afar by Sigmund (15 damage)
             ... with a puff of flame
             ... on level 3 of the Dungeon.
             The game lasted 00:07:16 (3308 turns).

BlueFish the Magician (Mummy Wizard)                Turns: 3308, Time: 00:07:16

Health: -8/37      AC:  6    Str: 10    XL:     5   Next: 2%
Magic:  7/13       EV: 12    Int: 23    God:
Gold:   140        SH:  0    Dex: 10    Spells: 5/15 levels left

rFire    x . .     SeeInvis .   g - +3 hand axe
rCold    + . .     Gourm    .   (no shield)
rNeg     + + +     Faith    .   a - +0 robe
rPois    ∞         Spirit   .   b - +1 hat
rElec    .         Reflect  .   (no cloak)
rCorr    .         Harm     .   (no gloves)
MR       .....                  f - +2 pair of boots
Stlth    ++........             (no amulet)
HPRegen  0.12/turn              c - +4 ring of intelligence
MPRegen  0.13/turn              (no ring)

@: no status effects
A: no food or potions, fire vulnerability, cold resistance 1, negative energy
resistance 3, torment resistance, unbreathing
a: no special abilities


You were on level 3 of the Dungeon.
You were not hungry.

You visited 1 branch of the dungeon, and saw 3 of its levels.

You collected 140 gold pieces.

Inventory:

Hand Weapons
 e - a +0 whip
 g - a +3 hand axe (weapon)
Armour
 a - a +0 robe (worn)
 b - a +1 hat (worn)
 f - a +2 pair of boots (worn)
Jewellery
 c - a +4 ring of intelligence (left hand)
Scrolls
 d - 5 scrolls of remove curse
 h - a scroll of identify {unknown}
 i - 3 scrolls of blinking


   Skills:
 * Level 1.3 Fighting
 + Level 0.6(0.7) Axes
 + Level 0.1(0.4) Maces & Flails
 * Level 1.9 Dodging
 * Level 1.7 Stealth
 * Level 5.8 Spellcasting
 + Level 1.5 Conjurations
 + Level 0.7 Summonings
 + Level 0.7 Translocations


You had 5 spell levels left.
You knew the following spells:

 Your Spells              Type           Power        Failure   Level  Hunger
a - Magic Dart            Conj           ##..         4%          1    N/A
b - Blink                 Tloc           N/A          10%         2    N/A
c - Call Imp              Summ           ##......     10%         2    N/A
d - Slow                  Hex            #.......     13%         2    N/A
e - Mephitic Cloud        Conj/Pois/Air  #.......     21%         3    N/A

Your spell library contained the following spells:

 Spells                   Type           Power        Failure   Level  Hunger
 Conjure Flame            Conj/Fire      ##......     19%         3    N/A
 Gell's Gravitas          Tloc           ##........   19%         3    N/A
 Confusing Touch          Hex            #.......     26%         3    N/A
 Petrify                  Tmut/Erth      #.......     65%         4    N/A
 Metabolic Englaciation   Hex/Ice        #.........   94%         5    N/A
 Yara's Violent Unravell  Hex/Tmut       #.........   94%         5    N/A

Dungeon Overview and Level Annotations

Branches:
Dungeon (3/15)

Altars:
Ashenzari
Makhleb
Sif Muna
Zin

Annotations:
D:3 Sigmund


Innate Abilities, Weirdness & Mutations

You do not eat or drink.
Your flesh is vulnerable to fire.
You are immune to poison.
Your flesh is cold resistant. (rC+)
You are immune to negative energy. (rN+++)
You are immune to unholy pain and torment.
You can survive without breathing.


Message History

Gang up on whom?
Press: ? - help, Dir - move target cursor There's nothing there!
Something hits you.
Your crimson imp barely misses something.
You closely miss something. Something hits you!
You closely miss something. You miss something. Something barely misses you.
You miss something. Something hits you but does no damage.
You hit something. Something hits you!
You hit something. Something hits you!
* * * LOW HITPOINT WARNING * * *
Casting: Call Imp (safe; 10% risk of failure)
Confirm with . or Enter, or press ? or * to list all spells.
You blink.
Something hits your crimson imp!
Your crimson imp disappears in a puff of smoke!
A puff of flame appears from out of thin air!
The puff of flame hits you! The fire burns you terribly!
You die...

#..##
#........
#..#
#........
######.#####
#........
#.(........#
#........
#..........#
#########
#.....{....#
#..........#
#.....5....#
#....@5....#
#..........#
############


You could see 2 friendly white imps.

Vanquished Creatures
  8 adders
  A worm (D:3)
  2 dart slugs (D:1)
  4 leopard geckos
  An orc (D:3)
  7 bats
  A giant cockroach (D:3)
  3 goblins
  4 hobgoblins
  4 jackals
  5 kobolds
  3 quokkas
  A ball python (D:3)
  10 frilled lizards
  5 rats
59 creatures vanquished.

Vanquished Creatures (collateral kills)
  An orc (D:3)
1 creature vanquished.

Grand Total: 60 creatures vanquished

Notes
Turn   | Place    | Note
-------+----------+-------------------------------------------
     0 | D:1      | BlueFish the Mummy Wizard began the quest for the Orb.
     0 | D:1      | Reached XP level 1. HP: 13/13 MP: 5/5
   258 | D:1      | Reached XP level 2. HP: 15/19 MP: 1/7
   262 | D:1      | Learned a level 2 spell: Blink
   265 | D:1      | Learned a level 2 spell: Call Imp
   268 | D:1      | Learned a level 2 spell: Slow
   374 | D:1      | Reached skill level 1 in Conjurations
  1164 | D:2      | Reached skill level 5 in Spellcasting
  1164 | D:2      | Reached XP level 3. HP: 18/24 MP: 4/9
  1174 | D:2      | Learned a level 3 spell: Mephitic Cloud
  1526 | D:2      | Reached XP level 4. HP: 27/31 MP: 6/11
  2128 | D:2      | Found a shimmering blue altar of Sif Muna.
  2161 | D:2      | Found a burning altar of Makhleb.
  2162 | D:2      | Noticed a balrug
  2166 | D:2      | Found a glowing silver altar of Zin.
  2166 | D:2      | Noticed an angel
  2325 | D:3      | Noticed Sigmund
  2850 | D:3      | Reached skill level 1 in Fighting
  3033 | D:3      | Reached XP level 5. HP: 37/37 MP: 9/13
  3187 | D:3      | Found a shattered altar of Ashenzari.
  3308 | D:3      | Killed from afar by Sigmund

Levels and vault maps discovered:
D:1:      dpeg_arrival_connections, layout_loops_ring
D:2:      layout_basic, grunt_temple_overflow_order_and_chaos_2, led_sif_pool
D:3:      layout_rooms, lemuel_round_altar, first_ration, uniq_sigmund

Skill      XL: |  1  2  3  4 |
---------------+-------------+-----
Conjurations   | 1 |  1.5
Spellcasting   | 5 |  5.8
Fighting       | 1 |  1.3
Axes           | |  0.6
Maces & Flails | |  0.1
Dodging        | |  1.9
Stealth        | |  1.7
Summonings     | |  0.7
Translocations | |  0.7

Action                   |  1- 3 |  4- 6 || total
-------------------------+-------+-------++-------
Melee: Dagger            |     8 |       ||     8
       Hand axe          |    17 |    32 ||    49
       Whip              |     3 |       ||     3
 Cast: Magic Dart        |    71 |    55 ||   126
       Call Imp          |       |     9 ||     9
       Blink             |       |     2 ||     2
  Use: Scroll            |     3 |     3 ||     6
Armor: Robe              |     4 |     5 ||     9
Dodge: Dodged            |    32 |    19 ||    51

Table legend:
 A = Non-vault XP
 B = Vault XP
 C = Vault XP percentage of total XP
 D = Non-vault monster count
 E = Vault monster count
 F = Vault count percentage of total count
                 A         B        C        D         E       F
            +---------+---------+-------+---------+---------+-------
      Total |     200 |       0 |   0.0 |      60 |       0 |   0.0
            +---------+---------+-------+---------+---------+-------
        D:1 |      40 |       0 |   0.0 |      23 |       0 |   0.0
        D:2 |      88 |       0 |   0.0 |      19 |       0 |   0.0
        D:3 |      72 |       0 |   0.0 |      18 |       0 |   0.0
            +---------+---------+-------+---------+---------+-------
